Map: 2000 Atmospheres LE

Players

jdubya - Winner!

  • Race: Terran Terran
  • League: Diamond

Deletemaster

  • Race: Zerg Zerg
  • League: Gold

VOD

Have the link to the VOD?

Description

Time

  • Played on: May 9, 2021, 10:40 p.m.
  • Length: 12:00
Show
View Real Time Build Order
Export as new Build Order

jdubya Terran - Winner!

Build Orders: 2 Factory, Hellion Opening 

Get SALT Encoding   

  12  0:00  SCV  
  13  0:12  SCV  
  14  0:17  Supply Depot  
  14  0:24  SCV  
  15  0:29  Refinery  
  15  0:38  SCV  
  16  0:46  Barracks  
  16  0:50  SCV  
  17  1:03  SCV  
  18  1:15  SCV  
  19  1:33  Marine, Orbital Command  
  19  1:34  Factory  
  20  1:52  Barracks Reactor  
  20  2:02  SCV  
  21  2:09  Supply Depot  
  21  2:11  Command Center  
  21  2:19  SCV  
  22  2:28  Factory  
  22  2:32  SCV  
  22  2:35  Supply Depot  
  23  2:42  Hellion  
  23  2:43  Hellion  
  27  2:48  Barracks Tech Lab  
  27  2:56  Refinery  
  27  3:03  Hellion  
  27  3:04  Hellion  
  31  3:23  Infernal Pre-Igniter  
  31  3:25  Hellion x2  
  31  3:26  Hellion  
  37  3:36  SCV  
  38  3:44  Barracks Tech Lab  
  38  3:45  Orbital Command  
  38  3:48  SCV  
  38  3:51  Hellion  
  38  3:53  Hellion  
  43  4:06  Siege Tank  
  46  4:10  SCV  
  46  4:13  Hellion  
  49  4:18  Starport  
  49  4:22  SCV x2  
  51  4:32  Hellion  
  53  4:49  Supply Depot  
  53  4:50  Supply Depot  
  53  4:54  Engineering Bay  
  53  4:56  Starport Reactor  
  53  5:10  Hellion, Siege Tank  
  54  5:25  Hellion  
  52  5:32  Hellion  
  50  5:42  Siege Tank  
  49  5:46  Hellion  
  49  5:56  SCV x2  
  49  6:00  Refinery, Ghost Academy  
  49  6:01  Refinery, Ghost Academy  
  49  6:05  Armory  
  49  6:08  SCV x2  
  51  6:20  SCV x2  
  53  6:26  Viking  
  53  6:27  Viking  
  53  6:32  SCV x2  
  59  6:35  Barracks  
  59  6:38  Barracks  
  59  6:44  SCV x2  
  61  6:53  Personal Cloaking  
  61  6:56  SCV x2  
  63  7:08  SCV x2  
  63  7:13  Stimpack  
  65  7:15  Terran Vehicle Weapons Level 1  
  65  7:17  Nuke  
  65  7:20  SCV  
  65  7:21  SCV  
  67  7:24  Engineering Bay  
  67  7:31  Terran Infantry Weapons Level 1  
  67  7:32  SCV  
  67  7:33  Barracks Tech Lab, SCV  
  67  7:34  Barracks Reactor  
  69  7:39  Supply Depot  
  69  7:41  Supply Depot  
  69  7:45  SCV x2  
  69  7:46  Medivac  
  73  7:54  Missile Turret  
  73  8:02  Missile Turret  
  73  8:05  Missile Turret  
  73  8:08  Supply Depot  
  73  8:10  Supply Depot  
  73  8:13  Terran Infantry Armor Level 1  
  73  8:16  Missile Turret  
  73  8:17  Medivac  
  73  8:18  Nuke  
  75  8:20  Medivac  
  75  8:22  Missile Turret  
  77  8:29  Ghost  
  77  8:30  Marine  
  77  8:31  Marine x2  
  82  8:48  Marine x2, Ghost  
  82  8:55  Combat Shield  
  86  8:57  Ghost  
  86  8:58  Command Center  
  88  9:06  Marine x2  
  90  9:10  Hellbat x2  
  90  9:11  Hellbat  
  90  9:14  Supply Depot  
  96  9:17  Marine  
  97  9:24  Marine x2  
  97  9:26  Ghost  
  101  9:34  Hellbat x3  
  101  9:35  Marine  
  101  9:37  Supply Depot x2  
  108  9:42  Marine x2  
  110  9:53  Marine, Bunker  
  110  9:54  Ghost  
  110  9:55  Supply Depot  
  110  9:56  Supply Depot  
  110  9:59  Marine  
  113  10:00  Marine, Supply Depot  
  115  10:08  Siege Tank  
  115  10:09  Hellbat x2  
  115  10:10  Ghost  
  124  10:17  Marine  
  125  10:30  Hellbat  
  127  10:39  Nuke  
  127  10:40  Nuke  
  127  10:43  Reaper  
  128  10:51  Marine, Ghost x2  
  128  10:53  Hellbat x2  
  128  10:56  Medivac  
  139  10:59  Medivac  
  141  11:09  Marine  
  142  11:15  Marine, Supply Depot  
  143  11:19  Ghost  
  143  11:20  Marine  
  146  11:27  Marine  
  147  11:33  Marine  
  147  11:38  Supply Depot  
Show
View Real Time Build Order
Export as new Build Order

Deletemaster Zerg 

Build Orders: Hatch First 

Get SALT Encoding   

  12  0:00  Drone  
  13  0:08  Drone  
  14  0:16  Overlord  
  14  0:35  Drone x3  
  17  0:54  Hatchery  
  16  0:57  Drone  
  16  0:58  Drone  
  18  1:14  Spawning Pool  
  18  1:17  Drone, Extractor  
  17  1:20  Drone  
  18  1:30  Drone  
  19  1:40  Overlord  
  19  2:01  Queen  
  19  2:02  Zergling x2  
  19  2:03  Zergling x2  
  19  2:05  Queen  
  19  2:08  Drone  
  27  2:22  Drone  
  27  2:23  Drone  
  28  2:35  Drone x3  
  31  2:37  Metabolic Boost  
  31  2:45  Drone x2  
  31  2:51  Queen  
  35  3:07  Hatchery  
  35  3:11  Drone x2  
  35  3:12  Overlord  
  36  3:13  Overlord  
  36  3:24  Overlord  
  36  3:28  Overlord  
  36  3:32  Drone x5  
  41  3:38  Queen  
  43  3:52  Drone x2, Roach Warren  
  43  3:54  Evolution Chamber, Drone  
  44  3:56  Drone  
  44  3:58  Drone  
  44  4:00  Drone  
  44  4:02  Drone  
  48  4:04  Drone  
  48  4:06  Extractor  
  48  4:09  Extractor  
  47  4:13  Lair  
  47  4:26  Zerg Missile Weapons Level 1  
  47  4:40  Drone x3  
  47  4:42  Drone  
  47  4:44  Drone  
  47  4:45  Drone x6  
  58  4:58  Roach  
  58  4:59  Roach x3  
  66  5:04  Queen  
  38  5:38  Drone x7  
  38  5:39  Drone x6  
  38  5:40  Queen  
  36  6:11  Drone x4  
  39  6:15  Queen  
  42  6:28  Drone x4  
  46  6:41  Drone x4  
  46  6:45  Drone  
  51  6:52  Drone x3  
  54  6:55  Drone  
  54  6:57  Drone  
  56  7:12  Drone x8  
  64  7:20  Queen  
  66  7:24  Zerg Missile Weapons Level 2  
  66  7:40  Overlord  
  66  7:41  Overlord x5  
  66  8:05  Hatchery  
  65  8:07  Hydralisk Den  
  65  8:09  Infestation Pit  
  63  8:15  Roach x9  
  63  8:16  Roach  
  83  8:26  Overlord  
  83  8:27  Overlord x2  
  83  8:28  Overlord  
  83  8:58  Grooved Spines  
  83  8:59  Hydralisk x9  
  101  9:18  Pneumatized Carapace  
  101  9:32  Hydralisk x2  
  101  9:34  Zergling x2  
  106  10:00  Overlord  
  106  10:01  Overlord x10  
  106  10:09  Muscular Augments  
  104  10:50  Overseer x2  
  104  10:51  Overseer  
  104  11:06  Hydralisk  
  104  11:07  Hydralisk x3  
  104  11:09  Zergling x24  
  104  11:10  Zergling x14  
  131  11:17  Evolution Chamber  
  130  11:24  Spore Crawler  
  129  11:29  Spore Crawler  
Tags
 
Add a new tag
Caveats
  • Supply blocks, unpowered buildings, or Contaminate may cause inaccurate times.
  • Supply counts are checked every 10 seconds.